 Dungeon Crawl Stone Soup version 0.27-a0-1555-g0e7b3fb1d2 (webtiles) character file.

Game seed: 10048309790433203903

24 Spectrina the Magician (level 3, -2/25 HPs)
             Began as a Djinni Necromancer on July 15, 2021.
             Shot with a stone by a goblin (6 damage)
             ... on level 2 of the Dungeon.
             The game lasted 00:07:19 (436 turns).

Spectrina the Magician (Djinni Necromancer)          Turns: 436, Time: 00:07:20

Health: -2/25      AC:  2    Str:  7    XL:     3   Next: 15%
Gold:   18         EV: 12    Int: 17    God:
                   SH:  0    Dex: 13

rFire    + + .     SeeInvis .   b - +0 quarterstaff
rCold    x . .     Faith    .   (shield currently unavailable)
rNeg     . . .     Spirit   .   a - +0 robe
rPois    ∞         Reflect  .   (no helmet)
rElec    .         Harm     .   (no cloak)
rCorr    .         Rampage  .   (no gloves)
Will     .....                  (boots unavailable)
Stlth    ++........             (no amulet)
HPRegen  0.08/turn              (no ring)
MPRegen  0.00/turn              (no ring)

@: flying
A: sickness immunity, fire resistance 2, cold vulnerability 1, float, innate
caster, hp casting, extra vitality 1
a: no special abilities


You were on level 2 of the Dungeon.
You visited 1 branch of the dungeon, and saw 2 of its levels.

You collected 18 gold pieces.

Inventory:

Hand Weapons
 b - a +0 quarterstaff (weapon)
Missiles
 d - 19 stones
Armour
 a - a +0 robe (worn)
Scrolls
 e - a scroll of amnesia {unknown}
 f - a scroll of identify {unknown}
Potions
 c - a potion of heal wounds {unknown}


   Skills:
 + Level 0.9 Staves
 - Level 2.1 Dodging
 + Level 2.0 Stealth
 * Level 3.6 Spellcasting


You couldn't memorise any spells.
You knew the following spells:

 Your Spells              Type           Power      Damage    Failure   Level
a - Pain                  Necr           60%        1d7       3%          1
b - Sandblast             Erth           30%        2d9       3%          1
k - Agony                 Necr           15%        N/A       71%         5
l - Vampiric Draining     Necr           7%         2d7       11%         3
m - Animate Skeleton      Necr           30%        N/A       3%          1
n - Animate Dead          Necr           7%         N/A       36%         4
Your spell library was empty.

Dungeon Overview and Level Annotations

Branches:
Dungeon (2/15)

Altars:


Innate Abilities, Weirdness & Mutations

You are immune to sickness and miasma.
You are immune to poison.
Your flesh is very heat resistant. (rF++)
You are vulnerable to cold. (rC-)
You float through the air rather than walking.
You learn spells naturally, not from books.
Your magical power is your life essence.
You have superior vitality. (+4 HP)


Message History

Press: ? - help, Shift-Dir - straight line, f - kobold
Aim: a kobold, wielding a +0 dagger You draw life force from the kobold!
You kill the kobold!
You feel life coursing into your body.
* * * LOW HITPOINT WARNING * * *
Things that are here:
a +0 dagger; a kobold corpse Unknown command.
The ball python hisses angrily.
The ball python misses you. The ball python barely misses you.
Casting: Vampiric Draining (quite dangerous; 11% risk of failure)
Confirm with . or Enter, or press ? or * to list all spells.
The spell is quite dangerous to cast (11% risk of failure)!
Continue anyway?
Aiming: Vampiric Draining (quite dangerous; 11% risk of failure)
Press: ? - help, Shift-Dir - straight line, f - ball python
Aim: a ball python You miscast Vampiric Draining.
You are very lightly contaminated with residual magic.
Nothing appears to happen.
* * * LOW HITPOINT WARNING * * *
The ball python barely misses you. x2
Casting: Vampiric Draining (quite dangerous; 11% risk of failure)
Confirm with . or Enter, or press ? or * to list all spells.
The spell is quite dangerous to cast (11% risk of failure)!
Continue anyway?
Aiming: Vampiric Draining (quite dangerous; 11% risk of failure)
Press: ? - help, Shift-Dir - straight line, f/p - ball python
Aim: a ball python You draw life force from the ball python.
You kill the ball python!
You feel life coursing into your body.
* * * LOW HITPOINT WARNING * * *
You now have 18 gold pieces (gained 15).
Your magical contamination has completely faded away.
A goblin comes into view. It is wielding a +0 club.
The goblin shouts!
The goblin unwields a +0 club.
The goblin wields a +0 hunting sling.
The goblin shoots a stone.
The stone barely misses you.
The goblin shoots a stone.
The stone hits you.
You die...

# . . ##g.... .....
.........#.
......###.#........ #....
............ #....
#(#..>.....#
#....##.#........# .#
#.>.@..........##.
#######......†........
.....................####
######.##.............!.
#............##..##.....
....####.##....#...###....
. #.##...............
#.##.......<.÷##...
######.#.....)..........


You could see a goblin.

Vanquished Creatures
  An adder (D:2)
  A hobgoblin (D:1)
  3 jackals
  A quokka (D:1)
  4 ball pythons
  2 frilled lizards (D:1)
  A kobold (D:2)
  A rat (D:1)
14 creatures vanquished.

Vanquished Creatures (collateral kills)
  A hobgoblin (D:1)
1 creature vanquished.

Vanquished Creatures (others)
  A plant (D:2)
1 creature vanquished.

Grand Total: 16 creatures vanquished

Notes
Turn   | Place    | Note
-------+----------+-------------------------------------------
     0 | D:1      | Spectrina the Djinni Necromancer began the quest for the
                  | Orb.
     0 | D:1      | Reached XP level 1. HP: 15/15 MP: 0/0
    96 | D:1      | Reached XP level 2. HP: 4/21 MP: 0/0
   338 | D:2      | HP: 1/21 [kobold (3)]
   339 | D:2      | Reached XP level 3. HP: 1/25 MP: 0/0
   339 | D:2      | Learned a level 1 spell: Sandblast
   436 | D:2      | Shot with a stone by a goblin

Illustrated notes

Levels and vault maps discovered:
D:1:      scummos_arrival_hexagon, layout_rooms
D:2:      layout_rooms, hellmonk_ecumenical_altar_arch_garden,
          serial_bayou_ford_a, minivault_26

Skill      XL: |  1  2  3 |
---------------+----------+-----
Stealth        | 2 |  2.0
Staves         | |  0.9
Dodging        | |  2.1
Spellcasting   | |  3.6

Action                   || total
-------------------------++-------
Melee: Quarterstaff      ||    18
 Cast: Pain              ||     7
       Animate Skeleton  ||     2
       Vampiric Draining ||     3
Armor: Robe              ||     2
Dodge: Dodged            ||    22

Table legend: (Time is in decaauts)
 A = Elapsed time spent in this place.
 B = Non-inter-level travel time spent in this place.
 C = Inter-level travel time spent in this place.
 D = Time resting spent in this place.
 E = Time spent auto-exploring this place.
 F = Levels seen in this place.
 G = Mean time per level.
                   A        B        C        D        E       F      G
               +--------+--------+--------+--------+--------+-----+--------+
         Total |    443 |    422 |     21 |      0 |      0 |   2 |  221.5 |
       Dungeon |    443 |    422 |     21 |      0 |      0 |   2 |  221.5 |
               +--------+--------+--------+--------+--------+-----+--------+

Top non-repeatable levels by time:
     D:1: 354 daAuts
     D:2: 89 daAuts
